 Dungeon Crawl Stone Soup version 0.30-a0-1-g69b7b797bf (webtiles) character file.

Game seed: 9047366726999663584

4311 Kinoniko the Carver (level 10, -5/82 HPs)
             Began as a Merfolk Berserker on Aug 19, 2022.
             Was a Priest of Trog.
             Slain by a boulder beetle (23 damage)
             ... on level 8 of the Dungeon.
             The game lasted 00:10:26 (9494 turns).

Kinoniko the Carver (Merfolk Berserker)             Turns: 9494, Time: 00:10:26

Health: -5/82      AC: 10    Str: 19    XL:     10   Next: 32%
Magic:  9/9        EV: 19    Int: 10    God:    Trog [***...]
Gold:   440        SH:  6    Dex: 23    Spells: 9/9 levels left

rFire   . . .      SeeInvis .    a - +0 falchion
rCold   . . .      Faith    .    I - +0 buckler
rNeg    + . .      Spirit   .    f - +0 leather armour
rPois   +          Reflect  .    v - +1 helmet of Umoaq {rPois Will+ Int+4 Dex+4}
rElec   .          Harm     .    (no cloak)
rCorr   .          Rampage  .    q - +2 pair of gloves
Will    +....                    (no boots)
Stlth   +++.......               (no amulet)
HPRegen 0.23/turn                x - ring of positive energy
MPRegen 0.11/turn                D - +4 ring of protection

@: on berserk cooldown, slowed, very slow
A: (nimble swimmer 2), mertail, thin skeletal structure 1, deformed body, low MP
1
a: Renounce Religion, Berserk, Trog's Hand


You were on level 8 of the Dungeon.
You worshipped Trog.
Trog was most pleased with you.
You visited 1 branch of the dungeon, and saw 8 of its levels.
You also visited: Sewer.

You collected 592 gold pieces.
You spent 152 gold pieces at shops.

Inventory:

Hand Weapons
 a - a +0 falchion (weapon)
 G - a +5 dagger of venom
Armour
 b - a +0 animal skin
 f - a +0 leather armour (worn)
 n - a +0 pair of gloves
 q - a +2 pair of gloves (worn)
 v - the +1 helmet of Umoaq (worn) {rPois Will+ Int+4 Dex+4}
   (You bought it in a shop on level 1 of the Dungeon)

   Int:       It affects your intelligence (+4).
   Dex:       It affects your dexterity (+4).
   rPois:     It protects you from poison.
   Will:      It increases your willpower.
 I - a +0 buckler (worn)
Jewellery
 s - an amulet of magic regeneration
 u - an amulet of the acrobat
 x - a ring of positive energy (left hand)
 D - a +4 ring of protection (right hand)
 J - a ring of willpower
Wands
 d - a wand of paralysis (25)
 k - a wand of flame (41)
 y - a wand of polymorph (7)
 F - a wand of digging (6)
Scrolls
 c - 2 scrolls of enchant armour
 e - 3 scrolls of poison
 i - 5 scrolls of amnesia
 m - 2 scrolls of vulnerability
 p - 2 scrolls of silence
 B - a scroll of enchant weapon
 C - a scroll of brand weapon
 E - 2 scrolls of blinking {unknown}
 H - 3 scrolls of butterflies {unknown}
 K - a scroll of identify
 L - a scroll of teleportation {unknown}
Potions
 g - a potion of attraction
 h - 2 potions of curing
 j - a potion of cancellation
 l - a potion of haste
 t - 3 potions of mutation
 w - a potion of lignification {unknown}
 z - a potion of berserk rage {unknown}
 A - 2 potions of degeneration {unknown}


   Skills:
 + Level 8.6 Fighting
 * Level 12.6 Long Blades
 - Level 1.3 Armour
 + Level 9.8 Dodging
 + Level 2.5 Shields


You had 9 spell levels left.
You didn't know any spells.
Your spell library was empty.

Dungeon Overview and Level Annotations

Branches:
Dungeon (8/15)             Temple (0/1) D:4           Sewer (visited)
   Lair: D:8-11

Altars:
Dithmenos
Elyvilon
Gozag
Hepliaklqana
Makhleb
Nemelex Xobeh
Qazlal
Xom
The Shining One

Shops:
D:1 [   D:4 !

Annotations:
D:3 3 runed translucent doors, LucemDeus's ghost, amateur PaFi


Innate Abilities, Weirdness & Mutations

((You are very nimble when in or above water. (Stealth+, EV+, Speed+++)))
Your lower body shifts to a powerful aquatic tail in water.
You have a somewhat thin skeletal structure. (Dex +2, Stealth+)
Armour fits poorly on your strangely shaped body.
Your magical capacity is low. (-10% MP)


Message History

The boulder beetle bites you but does no damage.
You slash the boulder beetle!
The boulder beetle is heavily wounded.
A steam dragon comes into view.
The boulder beetle closely misses you.
The steam dragon hisses angrily.
You hit the boulder beetle but do no damage.
The boulder beetle is heavily wounded.
The boulder beetle closely misses you.
You hit the boulder beetle but do no damage.
The boulder beetle is heavily wounded.
Your skin stops crawling.
You feel less strong-willed. The boulder beetle closely misses you.
You hit the boulder beetle but do no damage.
The boulder beetle is heavily wounded.
The boulder beetle bites you!!
You hit the boulder beetle but do no damage.
The boulder beetle is heavily wounded.
The boulder beetle closely misses you.
You hit the boulder beetle but do no damage.
The boulder beetle is heavily wounded.
You block the boulder beetle's attack. The boulder beetle barely misses you.
You fail to use your ability.
The steam dragon completely misses you. The steam dragon misses you.
The boulder beetle bites you!
Your black bear goes berserk!
You can no longer call in reinforcements.
The steam dragon breathes steam at you. The ball of steam hits you!
You block the boulder beetle's attack. The boulder beetle bites you!!
* * * LOW HITPOINT WARNING * * *
The steam dragon bites you!
* * * LOW HITPOINT WARNING * * *
You block the steam dragon's attack.
Okay, then.
You feel much better.
You are engulfed in a cloud of scalding steam.
Your black bear bites the steam dragon!
Your black bear claws the steam dragon but does no damage.
Your black bear claws the steam dragon.
The boulder beetle bites you!!
You die...

..######...............#
...#
##.####.......####.#
...###.##...#######.†.#
...##.#..#..### #..#..#
...#.#.#####..# #..####
.#
....##.##...##...##...
....#.##.#...##.##..
....#..#.†#.#.###B# .
....#..#...###..@## .
.#...
##...##.#.###..#.D###.#
#...#
##...##.##.#.#...#h#.##
#...# ##...###.
#...#[#...##. #...#
##...# ..#.#.?#..#)#..
#...# ##...#
.##...#.#.).##[###...#
##...#
##.#.#)..#)#.##)##...#
##...# #.
##..#..###)#.##...####
...#.
##...###..†#..#......


You could see a boulder beetle, a steam dragon (catching breath, ally target)
and a friendly black bear (summoned, berserk).

Vanquished Creatures
  Pikel (D:7)
  Joseph (D:7)
  Prince Ribbit (D:8)
  Grinder (Sewer)
  A slime creature (D:8)
  A yak (D:8)
  4 water moccasins
  Duvessa (D:7)
  An orc warrior (D:8)
  An ogre (D:5)
  3 black bears
  2 centaurs
  2 kobold brigands
  Blork the orc (D:6)
  A necrophage (D:6)
  2 scorpions
  5 bullfrogs (D:8)
  Dowan (D:7)
  A howler monkey (D:8)
  2 quasits (Sewer)
  A gnoll bouda (D:7)
  5 jellies
  3 orc priests
  2 hounds
  Terence (D:3)
  5 iguanas
  4 orc wizards
  4 gnolls
  4 adders
  6 shadow imps
  5 ufetubi
  An adder zombie (Sewer)
  2 worms (D:2)
  3 dart slugs
  21 orcs
  9 ball pythons
  11 endoplasms
  7 giant cockroaches
  7 goblins
  7 hobgoblins
  23 kobolds
  3 quokkas
  4 bats
  4 frilled lizards
  A kobold zombie (Sewer)
  8 rats
184 creatures vanquished.

Vanquished Creatures (others)
  An ufetubus (Sewer)
  A bat zombie (Sewer)
  An endoplasm (Sewer)
3 creatures vanquished.

Grand Total: 187 creatures vanquished

Notes
Turn   | Place    | Note
-------+----------+-------------------------------------------
     0 | D:1      | Kinoniko the Merfolk Berserker began the quest for the Orb.
     0 | D:1      | Reached XP level 1. HP: 18/18 MP: 1/1
   226 | D:1      | Reached XP level 2. HP: 24/24 MP: 2/2
   228 | D:1      | Reached skill level 4 in Long Blades
   660 | D:1      | Reached XP level 3. HP: 30/30 MP: 3/3
   760 | D:1      | Found Kuomaep's Antique Armour Shoppe.
  1031 | D:1      | Found a faded altar of an unknown god.
  1514 | D:2      | Identified the +0 dagger of the Hurtling Messenger {holy,
                  | Int+4}
  2037 | D:2      | Reached ** piety under Trog
  2110 | D:2      | Identified the +0 hat of the Scribe {Fly rElec rPois rC-}
  2197 | D:3      | Reached XP level 4. HP: 37/37 MP: 4/4
  2208 | D:3      | Found a runed translucent gate.
  2208 | D:3      | Found a runed translucent gate.
  2209 | D:3      | Found a runed translucent gate.
  2211 | D:3      | Noticed LucemDeus's ghost (amateur PaFi)
  2434 | D:3      | Reached skill level 5 in Long Blades
  2523 | D:3      | Noticed Terence
  2532 | D:3      | Killed Terence
  3269 | D:4      | Reached XP level 5. HP: 42/42 MP: 5/5
  3355 | D:4      | Found a sparkling altar of Nemelex Xobeh.
  3363 | D:4      | Found a glowing drain.
  3423 | Sewer    | Entered a sewer
  3483 | Sewer    | Reached skill level 6 in Long Blades
  3521 | Sewer    | Reached XP level 6. HP: 44/49 MP: 6/6
  3554 | Sewer    | Found a burning altar of Makhleb.
  3570 | Sewer    | Noticed Grinder
  3574 | Sewer    | Reached *** piety under Trog
  3584 | Sewer    | Gained mutation: You have a somewhat thin skeletal
                  | structure. (Dex +2, Stealth+) [potion of mutation]
  3584 | Sewer    | Gained mutation: You have hidden genetic defects. [potion
                  | of mutation]
  3619 | Sewer    | Killed Grinder
  3620 | Sewer    | Reached skill level 5 in Fighting
  3620 | Sewer    | Reached skill level 7 in Long Blades
  3620 | Sewer    | Reached skill level 5 in Dodging
  3620 | Sewer    | Reached XP level 7. HP: 51/56 MP: 7/7
  3623 | Sewer    | Gained mutation: Your magical capacity is low. (-10% MP)
                  | [hidden defects]
  3806 | Sewer    | Gained mutation: Armour fits poorly on your strangely
                  | shaped body. [hidden defects]
  3806 | Sewer    | Lost mutation: You have hidden genetic defects. [hidden
                  | defects expressed]
  4359 | D:4      | Found a stormy altar of Qazlal.
  4361 | D:4      | Found a burning altar of Makhleb.
  4361 | D:4      | Found a white marble altar of Elyvilon.
  4370 | D:4      | Found a shimmering altar of Xom.
  4370 | D:4      | Found an opulent altar of Gozag.
  4370 | D:4      | Found a shimmering altar of Xom.
  4475 | D:4      | Found a shadowy altar of Dithmenos.
  4525 | D:4      | Found a burning altar of Makhleb.
  4640 | D:4      | Found Haggor's Distillery.
  4985 | D:4      | Reached skill level 8 in Long Blades
  5098 | D:1      | Bought a fading helmet for 152 gold pieces
  5098 | D:1      | Identified the +1 helmet of Umoaq {rPois Will+ Int+4 Dex+4}
                  | (You bought it in a shop on level 1 of the Dungeon)
  5168 | D:4      | Found a staircase to the Ecumenical Temple.
  5322 | D:5      | Entered Level 5 of the Dungeon
  5333 | D:5      | Reached XP level 8. HP: 64/64 MP: 7/7
  6006 | D:5      | Found a stormy altar of Qazlal.
  6298 | D:6      | Noticed Blork the orc
  6304 | D:6      | Killed Blork the orc
  6305 | D:6      | Reached skill level 9 in Long Blades
  7209 | D:6      | Reached skill level 10 in Long Blades
  7466 | D:6      | Found a white marble altar of Elyvilon.
  7513 | D:6      | Reached XP level 9. HP: 65/71 MP: 8/8
  7758 | D:7      | Noticed Duvessa
  7762 | D:7      | Noticed Dowan
  7785 | D:7      | Killed Duvessa
  7787 | D:7      | Killed Dowan
  8115 | D:7      | Noticed Joseph
  8133 | D:7      | Killed Joseph
  8134 | D:7      | Reached skill level 11 in Long Blades
  8358 | D:7      | Noticed Pikel
  8366 | D:7      | Killed Pikel
  8568 | D:7      | Found a glowing golden altar of the Shining One.
  8837 | D:8      | Noticed Prince Ribbit
  8849 | D:8      | Killed Prince Ribbit
  8850 | D:8      | Reached skill level 12 in Long Blades
  8850 | D:8      | Reached skill level 1 in Shields
  8913 | D:8      | Reached XP level 10. HP: 80/80 MP: 9/9
  9192 | D:8      | Found a hazy altar of Hepliaklqana.
  9427 | D:8      | Noticed a boulder beetle
  9428 | D:8      | Reached **** piety under Trog
  9494 | D:8      | Slain by a boulder beetle

Illustrated notes

Levels and vault maps discovered:
D:1:      wander_arrival_fairy_ring, layout_basic, serial_shops, shop,
          shapermc_ecumenical_altar_petra, minmay_quantized
D:2:      layout_loops_cross
D:3:      layout_basic, gammafunk_ghost_split, bh_walls_and_bars, uniq_terence
D:4:      layout_loops_cross, doesnt_xom_only_xom,
          nicolae_dithmenos_shadow_blocks, mainiacjoe_overflow_tiny_flanked,
          lightli_temple_of_fire, temple_green, gup_sewer_entry_glass,
          nicolae_stop_n_shop_1
D:5:      layout_basic, kennysheep_little_box, minmay_misc_feat_hallway
D:6:      layout_basic, elyvilon_altar_5, nicolae_ossuary_entry_false_entrances,
          uniq_blork_the_orc
D:7:      layout_basic, general_overflow_altar, chequers_arboretum, uniq_pikel,
          uniq_joseph, uniq_duvessa
D:8:      minmay_ornate_pinched, layout_loops_ring,
          nicolae_hepliaklqana_hazy_memory, david_lair_shrubbed,
          uniq_prince_ribbit1

Skill      XL: |  1  2  3  4  5  6  7  8  9 10 |
---------------+-------------------------------+-----
Long Blades    | 4 5 6 7 8 10 12 | 12.6
Dodging        | 3 4 5 6 7 9 |  9.8
Fighting       | 4 5 6 8 |  8.6
Shields        | 1 2 |  2.5
Armour         | |  1.3

Action                   |  1- 3 |  4- 6 |  7- 9 | 10-12 || total
-------------------------+-------+-------+-------+-------++-------
Melee: Falchion          |   116 |   156 |   373 |   131 ||   776
       Punch             |     1 |     2 |     8 |       ||    11
Invok: Berserk           |     3 |     5 |    13 |     3 ||    24
       Trog's Hand       |       |     1 |     1 |     1 ||     3
       Brothers in Arms  |       |       |       |     1 ||     1
  Use: Scroll            |       |     8 |     4 |       ||    12
       Potion            |       |     7 |     3 |     2 ||    12
 Stab: Fleeing           |       |     1 |       |       ||     1
       Sleeping          |       |       |     9 |     1 ||    10
       Invisible         |       |       |     2 |     3 ||     5
Armor: Animal skin       |     2 |       |       |       ||     2
       Leather armour    |    30 |    59 |   100 |    12 ||   201
Dodge: Dodged            |    75 |   112 |   272 |    84 ||   543
Block: Buckler           |       |       |     1 |    28 ||    29

Table legend: (Time is in decaauts)
 A = Elapsed time spent in this place.
 B = Non-inter-level travel time spent in this place.
 C = Inter-level travel time spent in this place.
 D = Time resting spent in this place.
 E = Time spent auto-exploring this place.
 F = Levels seen in this place.
 G = Mean time per level.
                   A        B        C        D        E       F      G
               +--------+--------+--------+--------+--------+-----+--------+
         Total |   9556 |   9131 |    425 |    942 |   6750 |   9 | 1061.8 |
       Dungeon |   8936 |   8511 |    425 |    899 |   6428 |   8 | 1117.0 |
         Sewer |    620 |    620 |      0 |     43 |    321 |   1 |  620.0 |
               +--------+--------+--------+--------+--------+-----+--------+

Top non-repeatable levels by time:
     D:6: 1431 daAuts
     D:1: 1285 daAuts
     D:4: 1281 daAuts
     D:3: 1159 daAuts
     D:7: 1094 daAuts
     D:2: 1039 daAuts
     D:5: 983 daAuts
     D:8: 661 daAuts
   Sewer: 620 daAuts
